 Dungeon Crawl Stone Soup version 0.30.0-19-g36f170ea60 (webtiles) character file.

Game seed: 14487421812347154377

9 klichko the Caller (level 2, -1/19 HPs)
             Began as a Merfolk Summoner on May 26, 2023.
             Slain by a quokka (4 damage)
             ... on level 1 of the Dungeon.
             The game lasted 00:05:16 (377 turns).

klichko the Caller (Merfolk Summoner)                Turns: 377, Time: 00:05:17

Health: -1/19      AC:  2    Str:  8    XL:     2   Next: 12%
Magic:  0/5        EV: 12    Int: 14    God:
Gold:   50         SH:  0    Dex: 14    Spells: 4/5 levels left

rFire   . . .        (no weapon)
rCold   . . .        (no shield)
rNeg    . . .        a - +0 robe
rPois   .            (no helmet)
rElec   .            (no cloak)
rCorr   .            (no gloves)
SInv    .            (no boots)
Will    .....        (no amulet)
Stlth   ++           (no ring)
HPRegen 0.23/turn    (no ring)
MPRegen 0.09/turn

%: no passive effects
@: brilliant
A: (nimble swimmer 2), mertail
a: no special abilities


You were on level 1 of the Dungeon.
You visited 1 branch of the dungeon, and saw 1 of its levels.

You collected 50 gold pieces.

Inventory:

Armour
 a - a +0 robe (worn)
 c - a +0 cloak


   Skills:
 + Level 2.7 Dodging
 + Level 2.2 Stealth
 + Level 2.1 Spellcasting
 + Level 4.3 Summonings


You had 4 spell levels left.
You knew the following spells:

 Your Spells              Type           Power      Damage    Failure   Level
a - Summon Small Mammal   Summ           80%        N/A       4%          1

Your spell library contained the following spells:

 Spells                   Type           Power      Damage    Failure   Level
 Call Imp                 Summ           40%        N/A       6%          2
 Call Canine Familiar     Summ           20%        N/A       12%         3
 Summon Guardian Golem    Hex/Summ       11%        N/A       28%         3
 Summon Lightning Spire   Summ/Air       11%        N/A       67%         4
 Storm Form               Tmut/Air       1%         N/A       100%        7
 Maxwell's Capacitive Co  Air            1%         ∞         100%        8


Dungeon Overview and Level Annotations

Branches:
Dungeon (1/15)

Altars:


Innate Abilities, Weirdness & Mutations

((You are very nimble when in or above water. (Stealth+, EV+, Speed+++)))
Your lower body shifts to a powerful aquatic tail in water.


Message History

Your bat dies!
Your bat's corpse disappears in a puff of smoke!
The quokka closely misses you.
The kobold shouts!
It was a potion of curing.
You feel better.
Your bat barely misses the quokka.
The bat barely misses you.
The rat twitches its whiskers.
The rat closely misses you. The quokka bites you.
Your bat hits the quokka but does no damage. x2
The rat bites you. The quokka bites you. The rat attacks as you move away!
The rat barely misses you.
Your bat barely misses the quokka.
The quokka bites you but does no damage.
Your bat hits the rat but does no damage.
There is a stone staircase leading down here.
A kobold comes into view. It is wielding a +0 whip.
The bat hits you.
Your bat misses the bat. The quokka bites you.
You hit the quokka but do no damage. The bat hits you but does no damage.
Your bat hits the bat but does no damage.
The bat hits you. The quokka barely misses you.
The quokka attacks as you move away! The quokka closely misses you.
Your bat closely misses the kobold.
The bat hits you.
The rat twitches its whiskers.
The bat hits you but does no damage. The bat completely misses your bat.
Your bat closely misses the bat.
The quokka closely misses you.
Your bat misses the quokka.
The rat bites your bat but does no damage.
The kobold hits you with a +0 dagger.
* * * LOW HITPOINT WARNING * * *
Casting: Summon Small Mammal (safe; 4% risk of failure)
Confirm with . or Enter, or press ? or * to list all spells.
You feel a surge of power!
Your bat closely misses the kobold.
The bat hits your bat but does no damage.
The quokka bites you.
* * * LOW HITPOINT WARNING * * *
Your bat closely misses the kobold.
The rat bites your bat. The kobold barely misses you.
The bat barely misses your bat. The quokka bites you.
You die...

#..§..## #.#.........#
#.###..# #...........# ...#
#. ##.#####..........#
...####.####......#...†.....#
............................#
... #.#....†K..##.†........#
.. #......bb###..........
#.##. #.....rbK###..........
)........######r@........(...
.....#### #####..........
....# #.#.......# #....#
#.###.##### .....# #.# #.#
.#...# ###.###.## .#...#
#....##..# .#...# ########
#....##..+
##.#####......###........#


You could see a quokka (ally target), a bat, 2 kobolds, a rat and 2 friendly
bats.

Vanquished Creatures
  A frilled lizard (D:1)
1 creature vanquished.

Vanquished Creatures (collateral kills)
  A giant cockroach (D:1)
  A goblin (D:1)
  A hobgoblin (D:1)
  2 kobolds (D:1)
  A bat (D:1)
  2 frilled lizards (D:1)
8 creatures vanquished.

Grand Total: 9 creatures vanquished

Notes
Turn   | Place    | Note
-------+----------+-------------------------------------------
     0 | D:1      | klichko the Merfolk Summoner began the quest for the Orb.
     0 | D:1      | Reached XP level 1. HP: 13/13 MP: 3/3
   246 | D:1      | Reached XP level 2. HP: 19/19 MP: 1/5
   377 | D:1      | Slain by a quokka

Illustrated notes

Levels and vault maps discovered:
D:1:      tarquinn_simple_flora_water_c, layout_rooms, dk_noncrumbling_3

Action                     || total
---------------------------++-------
  Melee: Unarmed           ||    14
   Cast: Summon Small Mamm ||    30
    Use: Potion            ||     5
         Scroll            ||     1
 Armour: Robe              ||    20
  Dodge: Dodged            ||    58
